Map: Hardwire LE

Players

DPGrogue (Rogue) - Winner!

  • Race: Zerg Zerg

ShoWTimE

  • Race: Protoss Protoss

Event: TSL 8

VOD

Have the link to the VOD?

Description

Time

  • Played on: Dec. 3, 2021, 10:50 a.m.
  • Length: 10:19

All games in this series

Show
View Real Time Build Order
Export as new Build Order

DPGrogue Zerg - Winner!

Build Orders: Hatch First 

Get SALT Encoding   

  12  0:00  Drone  
  13  0:12  Overlord  
  13  0:17  Drone  
  14  0:31  Drone x2  
  16  0:47  Hatchery  
  15  0:51  Drone  
  15  0:54  Drone  
  17  0:58  Drone  
  18  1:08  Extractor  
  17  1:14  Spawning Pool  
  17  1:16  Drone  
  17  1:20  Drone  
  18  1:28  Drone  
  19  1:39  Drone  
  20  1:51  Overlord  
  20  2:00  Queen x2  
  25  2:01  Zergling x4  
  26  2:10  Drone  
  26  2:11  Drone  
  26  2:12  Metabolic Boost  
  28  2:21  Drone  
  29  2:23  Drone  
  30  2:32  Drone x2  
  32  2:39  Hatchery  
  31  2:46  Queen  
  33  2:51  Overlord  
  33  2:55  Zergling x2  
  33  2:58  Zergling x4  
  36  3:11  Zergling x2  
  36  3:12  Queen  
  39  3:13  Drone x3  
  39  3:14  Drone  
  39  3:19  Drone  
  44  3:25  Drone  
  43  3:27  Drone  
  43  3:32  Drone, Spore Crawler  
  42  3:38  Drone  
  43  3:41  Spore Crawler  
  42  3:50  Queen  
  42  3:52  Drone x5  
  49  3:56  Overlord  
  49  4:03  Overlord  
  49  4:10  Spore Crawler  
  49  4:13  Overlord  
  49  4:14  Drone  
  49  4:15  Drone x3  
  53  4:17  Drone  
  53  4:20  Drone x2  
  53  4:23  Drone x2  
  57  4:25  Drone x2  
  57  4:31  Drone x2  
  61  4:32  Drone  
  61  4:34  Drone x2  
  61  4:37  Drone  
  64  4:38  Queen  
  66  4:49  Drone x6  
  66  4:52  Lair  
  70  4:55  Drone x3  
  73  5:01  Overlord x2  
  73  5:05  Extractor, Roach Warren  
  71  5:07  Zergling x2  
  71  5:09  Extractor  
  71  5:10  Zergling x4  
  71  5:11  Extractor  
  71  5:13  Overlord  
  71  5:16  Zergling x6  
  71  5:20  Drone  
  70  5:31  Drone x3  
  70  5:32  Drone x5  
  75  5:37  Drone  
  75  5:38  Drone  
  75  5:41  Drone, Extractor x2  
  75  5:42  Evolution Chamber  
  75  5:49  Drone  
  75  5:52  Drone x6  
  75  5:53  Drone x2  
  75  5:54  Overseer  
  75  5:56  Drone x3  
  84  6:07  Drone  
  84  6:08  Zerg Missile Weapons Level 1, Spire  
  84  6:11  Overlord  
  84  6:17  Zergling x6  
  87  6:21  Glial Reconstitution  
  87  6:22  Hatchery  
  87  6:23  Zergling x2  
  87  6:24  Zergling x6  
  90  6:27  Overlord  
  90  6:33  Overlord  
  90  6:35  Roach x4  
  98  6:40  Overlord x2  
  98  6:43  Overlord  
  98  6:48  Overseer  
  98  6:51  Roach x5  
  108  6:57  Overlord  
  106  7:05  Roach x5  
  116  7:10  Roach x3  
  116  7:14  Overlord  
  122  7:17  Overlord  
  122  7:20  Roach x2  
  125  7:26  Roach x5  
  133  7:30  Roach  
  133  7:35  Ravager x9  
  133  7:36  Overlord  
  144  7:38  Roach x2  
  144  7:42  Overlord  
  144  7:43  Roach  
  144  7:44  Roach  
  152  7:46  Roach  
  153  7:51  Roach  
  153  7:52  Roach x3  
  153  7:54  Roach  
  153  7:56  Roach  
  153  7:57  Roach  
  166  7:59  Roach  
  166  8:01  Roach  
  166  8:05  Roach x2  
  174  8:07  Ravager  
  174  8:09  Roach x2  
  174  8:11  Overlord  
  179  8:13  Roach  
  179  8:18  Roach x2  
  179  8:19  Roach  
  174  8:21  Roach  
  174  8:22  Roach  
  178  8:29  Roach x4  
  178  8:30  Roach  
  178  8:32  Roach  
  178  8:33  Roach  
  190  8:43  Roach x2  
  187  8:49  Roach x2  
  187  8:51  Roach  
  187  8:52  Roach x3  
  189  8:57  Overlord  
  187  9:05  Roach x2  
  187  9:09  Roach  
  183  9:10  Roach x8  
  183  9:13  Roach  
  183  9:16  Roach x3  
  187  9:18  Roach  
  184  9:25  Roach x4  
  184  9:27  Roach  
  185  9:32  Roach  
  185  9:33  Roach x3  
  185  9:38  Roach x2  
  184  9:41  Roach  
  184  9:44  Roach x2  
  188  9:52  Roach x5  
Show
View Real Time Build Order
Export as new Build Order

ShoWTimE Protoss 

Build Orders: 1 Gate Expand, Oracle Opening, Zealot Archon 

Get SALT Encoding   

  12  0:00  Probe  
  13  0:12  Probe  
  14  0:17  Pylon  
  14  0:24  Probe (Chrono Boost)  
  15  0:36  Probe (Chrono Boost)  
  15  0:38  Gateway  
  16  0:45  Probe (Chrono Boost)  
  16  0:46  Assimilator  
  17  0:51  Probe  
  18  1:03  Probe  
  19  1:15  Probe  
  20  1:23  Nexus  
  20  1:32  Cybernetics Core  
  20  1:36  Probe  
  21  1:43  Assimilator  
  21  1:48  Probe  
  21  1:51  Pylon  
  22  2:00  Probe  
  23  2:06  Adept (Chrono Boost)  
  23  2:12  Probe  
  26  2:21  Stargate  
  26  2:24  Probe (Chrono Boost)  
  26  2:26  Adept (Chrono Boost)  
  29  2:34  Warp Gate  
  29  2:36  Probe (Chrono Boost)  
  31  2:42  Probe (Chrono Boost)  
  32  2:45  Probe (Chrono Boost)  
  32  2:48  Adept  
  32  2:49  Probe (Chrono Boost)  
  35  2:52  Probe  
  35  2:53  Pylon  
  36  3:00  Probe  
  36  3:04  Oracle (Chrono Boost), Probe  
  42  3:12  Probe  
  42  3:16  Probe  
  42  3:18  Adept  
  45  3:24  Probe  
  43  3:28  Probe  
  42  3:37  Probe  
  42  3:40  Nexus  
  43  3:45  Gateway  
  43  3:47  Probe  
  44  3:49  Probe  
  44  3:52  Oracle (Chrono Boost)  
  48  4:00  Probe  
  48  4:01  Pylon  
  49  4:03  Probe  
  49  4:05  Assimilator  
  49  4:07  Assimilator  
  50  4:12  Probe  
  50  4:15  Probe  
  52  4:19  Oracle (Chrono Boost)  
  52  4:20  Pylon  
  55  4:25  Probe  
  55  4:28  Adept  
  55  4:29  Probe  
  59  4:37  Probe  
  60  4:39  Adept  
  60  4:41  Probe  
  60  4:43  Robotics Facility  
  63  4:49  Probe  
  63  4:50  Adept  
  66  4:53  Probe  
  66  4:55  Probe  
  66  4:58  Forge  
  68  5:00  Gateway  
  68  5:01  Probe  
  68  5:05  Probe  
  71  5:07  Probe (Chrono Boost)  
  71  5:13  Probe (Chrono Boost)  
  71  5:18  Probe (Chrono Boost)  
  71  5:19  Probe (Chrono Boost)  
  71  5:20  Twilight Council  
  72  5:25  Probe (Chrono Boost)  
  72  5:27  Probe x2 (Chrono Boost)  
  75  5:29  Probe (Chrono Boost)  
  75  5:31  Probe (Chrono Boost)  
  75  5:33  Probe  
  76  5:38  Pylon x2  
  76  5:39  Probe  
  77  5:43  Protoss Ground Weapons Level 1  
  77  5:44  Pylon  
  77  5:51  Observer, Probe  
  77  5:53  Probe x2  
  77  5:55  Pylon  
  77  5:56  Charge  
  77  5:58  Templar Archives  
  77  5:59  Shield Battery  
  77  6:00  Assimilator  
  77  6:01  Sentry  
  77  6:02  Zealot, Sentry  
  77  6:03  Probe  
  84  6:05  Probe x2  
  84  6:09  Assimilator  
  86  6:12  Gateway  
  86  6:15  Gateway, Probe  
  86  6:17  Immortal (Chrono Boost), Probe  
  92  6:25  Photon Cannon  
  92  6:26  Pylon  
  89  6:34  Gateway  
  89  6:38  Gateway, High Templar x2  
  93  6:40  Gateway  
  93  6:42  Archon  
  93  6:46  Warp Prism (Chrono Boost)  
  93  6:50  Pylon  
  95  6:58  Phoenix  
  95  7:01  Nexus  
  93  7:03  Pylon  
  93  7:06  Probe x3  
  93  7:07  Pylon  
  96  7:10  Photon Cannon  
  96  7:14  Photon Cannon  
  96  7:15  Photon Cannon  
  96  7:18  Probe x3  
  99  7:23  Zealot x3  
  107  7:32  Pylon  
  107  7:35  High Templar x3  
  107  7:36  Photon Cannon, High Templar, Pylon  
  115  7:40  Archon x2  
  115  7:41  Shield Battery  
  115  7:43  Phoenix (Chrono Boost)  
  115  7:45  Photon Cannon  
  115  7:50  Immortal (Chrono Boost)  
  115  7:55  Robotics Bay  
  115  7:56  Photon Cannon  
  119  7:59  Shield Battery x2  
  119  8:01  Shield Battery  
  116  8:06  Zealot, Sentry x2  
  116  8:07  Zealot  
  116  8:11  Photon Cannon  
  116  8:12  Zealot  
  122  8:20  Immortal (Chrono Boost)  
  122  8:24  Shield Battery  
  124  8:27  High Templar  
  124  8:28  Zealot x3, High Templar  
  124  8:32  Archon  
  134  8:35  Photon Cannon  
  134  8:38  Pylon  
  128  8:41  Zealot x3  
  129  8:50  Zealot x3  
  128  9:00  Gateway  
  128  9:01  Disruptor (Chrono Boost)  
  126  9:04  Zealot x3  
  126  9:06  Pylon  
  126  9:08  Pylon  
  114  9:18  Zealot  
  114  9:19  Zealot x3  
  114  9:23  Pylon  
  116  9:28  Zealot x2  
  116  9:29  Zealot  
  99  9:39  Zealot  
  99  9:40  Zealot x2  
  99  9:50  Zealot x4  
Tags
 
Add a new tag
Caveats
  • Supply blocks, unpowered buildings, or Contaminate may cause inaccurate times.
  • Supply counts are checked every 10 seconds.